General information
- name: BNet
- type: Ladder team game (AT/RT)
- host: Battle.net
- saver: parastaennen.fi
map: RiverOfSouls
- players: 6
- length: 16:32
- speed: Fast
- version: 1.21 W3XP
- replay type:

» download(125 KB)
Players
team 1 (winner)
MsY]DOGANDHORSE (
teal | 134 APM | 2223 actions | 16:31)
3 Pandaren Brewmaster
2 Breath of Fire
1 Drunken Haze
» actions
| Assign group hotkey | 16 | |
| Basic commands | 1 | |
| Build / train | 82 | |
| Enter build submenu | 33 | |
| Enter hero's abilities submenu | 3 | |
| Remove unit from queue | 24 | |
| Right click | 1522 | |
| Select / deselect | 220 | |
| Select group hotkey | 250 | |
| Use ability | 72 | |
2223 total
» units
» upgrades
» buildings
| Ancient of War | 9 | |
| Tree of Life | 4 | |
| Altar of Elders | 2 | |
| Moon Well | 4 | |
| Tree of Ages | 3 | |
| Ancient of Wind | 3 | |
25 total
» build order
01:04 Ancient of War
01:06 Tree of Life
01:20 Ancient of War
01:22 Ancient of War
03:12 Altar of Elders
03:16 Moon Well
03:17 Altar of Elders
03:37 Ancient of War
04:09 Moon Well
07:24 Ancient of War
07:26 Ancient of War
07:30 Ancient of War
07:36 Ancient of War
08:28 Moon Well
08:58 Tree of Life
09:02 Ancient of War
09:21 Tree of Life
09:25 Tree of Life
09:51 Tree of Ages
09:52 Tree of Ages
09:52 Tree of Ages
11:28 Moon Well
13:53 Ancient of Wind
13:57 Ancient of Wind
14:00 Ancient of Wind
» items
| Lesser Clarity Potion | 3 | |
| Scroll of Regeneration | 3 | |
| Scroll of Town Portal | 1 | |
7 total
parastaennen.fi (
orange | 105 APM | 1740 actions | 16:32)
4 Archmage
2 Summon Water Elemental
2 Brilliance Aura
2 Mountain King
1 Storm Bolt
1 Bash
» actions
| Assign group hotkey | 165 | |
| Basic commands | 12 | |
| Build / train | 91 | |
| Enter build submenu | 38 | |
| Enter hero's abilities submenu | 6 | |
| Remove unit from queue | 5 | |
| Right click | 825 | |
| Select / deselect | 340 | |
| Select group hotkey | 149 | |
| Use ability | 109 | |
1740 total
» units
| Peasant | 23 | |
| Priest | 4 | |
| Spell Breaker | 8 | |
| Flying Machine | 12 | |
47 total
» upgrades
| Masonry | 1 | |
| Priest Training | 1 | |
| Lumber Harvesting | 1 | |
| Gunpowder | 2 | |
| Plating | 1 | |
| Flak Cannons | 1 | |
7 total
» buildings
| Altar of Kings | 1 | |
| Farm | 11 | |
| Lumber Mill | 2 | |
| Scout Tower | 16 | |
| Guard Tower | 16 | |
| Arcane Vault | 1 | |
| Keep | 2 | |
| Arcane Sanctum | 2 | |
| Blacksmith | 1 | |
| Castle | 1 | |
| Workshop | 2 | |
55 total
» build order
00:03 Altar of Kings
00:08 Farm
01:03 Farm
01:33 Farm
02:27 Lumber Mill
03:18 Scout Tower
03:19 Scout Tower
03:49 Guard Tower
03:55 Scout Tower
04:05 Scout Tower
04:22 Guard Tower
04:31 Guard Tower
04:46 Scout Tower
05:02 Scout Tower
05:12 Scout Tower
05:16 Guard Tower
05:21 Scout Tower
05:32 Scout Tower
05:39 Guard Tower
05:39 Guard Tower
05:40 Scout Tower
05:47 Arcane Vault
06:25 Guard Tower
06:36 Scout Tower
06:37 Scout Tower
07:22 Keep
07:23 Keep
07:33 Guard Tower
07:34 Guard Tower
07:41 Guard Tower
08:33 Lumber Mill
08:44 Guard Tower
08:46 Scout Tower
08:47 Scout Tower
09:50 Guard Tower
09:51 Arcane Sanctum
10:08 Arcane Sanctum
10:22 Farm
10:23 Farm
10:59 Blacksmith
11:23 Castle
11:30 Farm
11:58 Workshop
12:09 Workshop
12:41 Farm
12:42 Farm
13:01 Scout Tower
13:02 Scout Tower
13:38 Farm
13:38 Farm
13:43 Guard Tower
13:43 Guard Tower
14:13 Farm
» items
| Scroll of Regeneration | 2 | |
| Scroll of Town Portal | 1 | |
3 total
WHATBATSDOIHAVE (
purple | 83 APM | 1378 actions | 16:31)
5 Archmage
2 Brilliance Aura
3 Summon Water Elemental
1 Mountain King
1 Storm Bolt
» actions
| Assign group hotkey | 67 | |
| Basic commands | 28 | |
| Build / train | 77 | |
| ESC pressed | 2 | |
| Enter build submenu | 21 | |
| Enter hero's abilities submenu | 6 | |
| Remove unit from queue | 8 | |
| Right click | 616 | |
| Select / deselect | 307 | |
| Select group hotkey | 185 | |
| Use ability | 61 | |
1378 total
» units
| Peasant | 27 | |
| Footman | 10 | |
| Rifleman | 7 | |
44 total
» upgrades
| Defend | 1 | |
| Long Rifles | 1 | |
| Gunpowder | 1 | |
3 total
» buildings
| Altar of Kings | 1 | |
| Farm | 9 | |
| Scout Tower | 7 | |
| Arcane Tower | 4 | |
| Barracks | 3 | |
| Keep | 1 | |
| Blacksmith | 1 | |
| Lumber Mill | 1 | |
| Guard Tower | 2 | |
29 total
» build order
00:02 Altar of Kings
00:11 Farm
00:20 Farm
03:49 Scout Tower
03:52 Scout Tower
03:57 Scout Tower
04:17 Arcane Tower
04:17 Arcane Tower
04:25 Arcane Tower
05:07 Barracks
05:08 Farm
05:31 Barracks
07:43 Barracks
07:46 Farm
07:48 Farm
09:07 Keep
10:36 Blacksmith
11:30 Farm
11:32 Farm
12:51 Farm
12:51 Farm
14:27 Scout Tower
14:27 Scout Tower
14:28 Scout Tower
14:29 Scout Tower
14:30 Lumber Mill
15:37 Guard Tower
15:37 Guard Tower
team 2 (loser)
bl0odSeekeR (
red | 50 APM | 823 actions | 16:28)
1 Priestess of the Moon
1 Searing Arrows
1 Archmage
1 Brilliance Aura
» actions
| Assign group hotkey | 9 | |
| Basic commands | 1 | |
| Build / train | 18 | |
| Enter build submenu | 10 | |
| Enter hero's abilities submenu | 2 | |
| Remove unit from queue | 2 | |
| Right click | 373 | |
| Select / deselect | 234 | |
| Select group hotkey | 148 | |
| Use ability | 26 | |
823 total
» units
» buildings
| Altar of Elders | 1 | |
| Moon Well | 2 | |
| Ancient of War | 2 | |
| Hunter's Hall | 1 | |
| Ancient Protector | 4 | |
10 total
» build order
00:08 Altar of Elders
00:20 Moon Well
01:10 Ancient of War
01:38 Ancient of War
01:57 Moon Well
02:30 Hunter's Hall
03:44 Ancient Protector
04:46 Ancient Protector
07:16 Ancient Protector
07:16 Ancient Protector
DesvinG (
pink | 84 APM | 1387 actions | 16:31)
3 Archmage
2 Summon Water Elemental
1 Brilliance Aura
» actions
| Assign group hotkey | 34 | |
| Build / train | 53 | |
| ESC pressed | 1 | |
| Enter build submenu | 20 | |
| Enter hero's abilities submenu | 3 | |
| Remove unit from queue | 1 | |
| Right click | 568 | |
| Select / deselect | 282 | |
| Select group hotkey | 368 | |
| Use ability | 57 | |
1387 total
» units
| Peasant | 25 | |
| Rifleman | 8 | |
| Footman | 6 | |
39 total
» upgrades
» buildings
| Altar of Kings | 1 | |
| Blacksmith | 1 | |
| Farm | 8 | |
| Barracks | 2 | |
| Lumber Mill | 1 | |
| Scout Tower | 6 | |
| Guard Tower | 3 | |
| Keep | 2 | |
24 total
» build order
00:07 Altar of Kings
00:12 Blacksmith
00:21 Farm
01:30 Farm
01:49 Barracks
02:08 Barracks
05:05 Farm
05:53 Lumber Mill
06:53 Farm
07:25 Scout Tower
07:27 Scout Tower
07:29 Scout Tower
07:30 Scout Tower
07:32 Scout Tower
07:34 Scout Tower
07:49 Guard Tower
07:49 Guard Tower
07:59 Guard Tower
08:36 Farm
13:49 Farm
13:50 Farm
14:13 Farm
14:15 Keep
14:15 Keep
Sega (
yellow | 62 APM | 1019 actions | 16:26)
3 Death Knight
2 Death Coil
1 Unholy Aura
3 Lich
2 Frost Nova
1 Frost Armor
» actions
| Assign group hotkey | 19 | |
| Build / train | 56 | |
| Enter build submenu | 20 | |
| Enter hero's abilities submenu | 6 | |
| Remove unit from queue | 1 | |
| Right click | 398 | |
| Select / deselect | 187 | |
| Select group hotkey | 273 | |
| Use ability | 59 | |
1019 total
» units
| Acolyte | 3 | |
| Ghoul | 12 | |
| Meatwagon | 1 | |
| Necromancer | 4 | |
| Abomination | 1 | |
| Frost Wyrm | 9 | |
| Obsidian Statue | 1 | |
31 total
» upgrades
» buildings
| Crypt | 1 | |
| Graveyard | 1 | |
| Altar of Darkness | 1 | |
| Ziggurat | 6 | |
| Halls of the Dead | 2 | |
| Tomb of Relics | 1 | |
| Black Citadel | 1 | |
| Slaughterhouse | 1 | |
| Temple of the Damned | 1 | |
| Sacrificial Pit | 1 | |
| Boneyard | 3 | |
| Spirit Tower | 1 | |
| Necropolis | 1 | |
21 total
» build order
00:12 Crypt
00:16 Graveyard
00:48 Altar of Darkness
00:58 Ziggurat
01:43 Ziggurat
02:56 Halls of the Dead
02:56 Halls of the Dead
03:09 Tomb of Relics
05:41 Black Citadel
05:55 Slaughterhouse
06:10 Temple of the Damned
06:48 Ziggurat
07:19 Sacrificial Pit
08:23 Boneyard
08:26 Boneyard
08:29 Boneyard
08:46 Ziggurat
08:55 Spirit Tower
09:33 Ziggurat
11:24 Ziggurat
14:00 Necropolis
» items
| Potion of Healing | 2 | |
| Rod of Necromancy | 1 | |
| Scroll of Town Portal | 1 | |
4 total
Chat log
(07:19 / All) parastaennen.fi: pullplug
(15:35 / All) parastaennen.fi: gg noobs
(15:42 / All) Sega: Lol
(16:27 / All) parastaennen.fi: thx for free win